 Dungeon Crawl Stone Soup version 0.27-a0-1202-ge72e49191c (webtiles) character file.

Game seed: 7690915431440198380

74 hilljack the Digger (level 4, -1/24 HPs)
             Began as a Gargoyle Earth Elementalist on June 5, 2021.
             Slain by an iguana (11 damage)
             ... on level 3 of the Dungeon.
             The game lasted 00:04:44 (2641 turns).

hilljack the Digger (Gargoyle Earth Elementalist)   Turns: 2641, Time: 00:04:46

Health: -1/24      AC:  6    Str: 11    XL:     4   Next: 30%
Magic:  8/8        EV: 11    Int: 17    God:
Gold:   152        SH:  0    Dex: 10    Spells: 2/8 levels left

rFire    . . .     SeeInvis .   f - +0 flail
rCold    . . .     Faith    .   (no shield)
rNeg     + . .     Spirit   .   g - +0 leather armour
rPois    ∞         Reflect  .   (no helmet)
rElec    +         Harm     .   (no cloak)
rCorr    .         Rampage  .   (no gloves)
Will     .....                  (no boots)
Stlth    ++........             (no amulet)
HPRegen  0.08/turn              (no ring)
MPRegen  0.11/turn              (no ring)

@: no status effects
A: sickness immunity, AC +3, negative energy resistance 1, electricity
resistance, torment resistance 1, petrification resistance
a: no special abilities


You were on level 3 of the Dungeon.
You visited 1 branch of the dungeon, and saw 3 of its levels.

You collected 152 gold pieces.

Inventory:

Hand Weapons
 e - a +0 club
 f - a +0 flail (weapon)
Missiles
 b - 32 stones
 d - 29 poisoned darts
 n - 5 curare-tipped darts
Armour
 c - a +0 robe
 g - a +0 leather armour (worn)
Scrolls
 a - a scroll of vulnerability {unknown}
 i - a scroll of teleportation {unknown}
 j - a scroll of acquirement {unknown}
 l - 2 scrolls of identify {unknown}
 o - 2 scrolls of holy word {unknown}
Potions
 k - a potion of mutation {unknown}
 m - a potion of heal wounds {unknown}


   Skills:
 + Level 2.1 Armour
 - Level 1.5 Dodging
 - Level 2.1 Stealth
 + Level 2.8 Spellcasting
 * Level 0.4 Conjurations
 - Level 0.7 Transmutations
 + Level 4.5 Earth Magic


You had 2 spell levels left.
You knew the following spells:

 Your Spells              Type           Power      Damage    Failure   Level
a - Sandblast             Erth           34%        2d9       3%          1
b - Passwall              Tmut/Erth      9%         N/A       12%         2
c - Stone Arrow           Conj/Erth      20%        3d8       26%         3

Your spell library contained the following spells:

 Spells                   Type           Power      Damage    Failure   Level
 Petrify                  Tmut/Erth      11%        N/A       61%         4
 Lee's Rapid Deconstruct  Erth           8%         3d8*      69%         5


Dungeon Overview and Level Annotations

Branches:
Dungeon (3/15)

Altars:


Innate Abilities, Weirdness & Mutations

You are immune to sickness and miasma.
Your stone body is resilient. (AC +3)
You are immune to poison.
You resist negative energy. (rN+)
You are resistant to electric shocks. (rElec)
You are resistant to unholy torment.
You are immune to petrification.


Message History

Press: ? - help, Q - select action, (/) - cycle Shift-Dir - straight line, f/p - iguana
Aim: an iguana (moderately wounded, 82% to hit)
The blast of sand hits the iguana.
The iguana is moderately wounded.
The iguana barely misses you.
Your magical contamination has completely faded away.
Aiming: Sandblast (safe; 3% risk of failure)
Press: ? - help, Q - select action, (/) - cycle Shift-Dir - straight line, f/p - iguana
Aim: an iguana (moderately wounded, 82% to hit)
The blast of sand hits the iguana!
The iguana is severely wounded.
The iguana completely misses you.
Aiming: Sandblast (safe; 3% risk of failure)
Press: ? - help, Q - select action, (/) - cycle Shift-Dir - straight line, f/p - iguana
Aim: an iguana (severely wounded, 82% to hit)
The blast of sand hits the iguana but does no damage.
The iguana is severely wounded.
The iguana bites you.
You don't have enough magic to cast this spell.
It was a potion of ambrosia.
You are confused.
You feel invigorated. The iguana barely misses you.
You bump into the rock wall.
The iguana barely misses you.
You barely miss the iguana.
The iguana is severely wounded.
The iguana closely misses you. The iguana bites you.
You closely miss the iguana.
The iguana is severely wounded.
The iguana bites you!
You bump into the rock wall.
The iguana bites you.
You bump into the rock wall.
The iguana bites you.
You barely miss the iguana.
The iguana is severely wounded.
You feel less invigorated.
You feel less confused. The iguana bites you! The iguana closely misses you.
You hit the iguana.
The iguana is almost dead.
The iguana bites you!
You die...

#### #########
#... #.....@.#
#####.## #.#####l#
#.......
#.#####.###
#.###.#.
#.##......######.#
#...
#.##.##.#........#
###.
#>......##########
. ####.....# .
#####.# . #.# .


You could see an iguana.

Vanquished Creatures
  A gnoll (D:1)
  An adder (D:2)
  3 dart slugs (D:1)
  A ball python (D:2)
  3 bats (D:1)
  5 endoplasms
  2 giant cockroaches
  4 hobgoblins (D:2)
  3 jackals (D:2)
  A quokka (D:2)
  4 frilled lizards
  8 goblins
  5 kobolds
  7 rats
48 creatures vanquished.

Notes
Turn   | Place    | Note
-------+----------+-------------------------------------------
     0 | D:1      | hilljack the Gargoyle Earth Elementalist began the quest
                  | for the Orb.
     0 | D:1      | Reached XP level 1. HP: 10/10 MP: 3/3
    90 | D:1      | Reached skill level 1 in Armour
    90 | D:1      | Reached XP level 2. HP: 15/15 MP: 1/5
    98 | D:1      | Reached skill level 4 in Earth Magic
   177 | D:1      | Found a faded altar of an unknown god.
   256 | D:1      | Reached XP level 3. HP: 12/19 MP: 2/6
  1513 | D:2      | Reached XP level 4. HP: 11/24 MP: 6/8
  1672 | D:2      | Learned a level 2 spell: Passwall
  1676 | D:2      | Learned a level 3 spell: Stone Arrow
  2641 | D:3      | Slain by an iguana

Illustrated notes

Levels and vault maps discovered:
D:1:      giann_forest_graveyard, layout_basic, ebering_ecumenical_altar_webs
D:2:      wander_river, layout_loops_corners
D:3:      layout_loops_cross, xom_teletrap_fun,
          nicolae_uskayaw_murder_on_the_dancefloor, uniq_natasha

Skill      XL: |  1  2  3 |
---------------+----------+-----
Armour         | 1 2 |  2.1
Earth Magic    | 4 |  4.5
Dodging        | |  1.5
Stealth        | |  2.1
Spellcasting   | |  2.8
Conjurations   | |  0.4
Transmutations | |  0.7

Action                   |  1- 3 |  4- 6 || total
-------------------------+-------+-------++-------
Melee: Flail             |   111 |    38 ||   149
 Cast: Sandblast         |    17 |    15 ||    32
  Use: Potion            |       |     1 ||     1
 Stab: Sleeping          |       |     2 ||     2
Armor: Leather armour    |    60 |    18 ||    78
       Robe              |     6 |       ||     6
Dodge: Dodged            |    90 |    30 ||   120

Table legend: (Time is in decaauts)
 A = Elapsed time spent in this place.
 B = Non-inter-level travel time spent in this place.
 C = Inter-level travel time spent in this place.
 D = Time resting spent in this place.
 E = Time spent auto-exploring this place.
 F = Levels seen in this place.
 G = Mean time per level.
                   A        B        C        D        E       F      G
               +--------+--------+--------+--------+--------+-----+--------+
         Total |   2726 |   2615 |    111 |    475 |   1648 |   3 |  908.7 |
       Dungeon |   2726 |   2615 |    111 |    475 |   1648 |   3 |  908.7 |
               +--------+--------+--------+--------+--------+-----+--------+

Top non-repeatable levels by time:
     D:2: 1625 daAuts
     D:1: 962 daAuts
     D:3: 138 daAuts
